 Dungeon Crawl Stone Soup version 0.31-a0-182-gc5ef74bbde (webtiles) character file.

Game seed: 8655238328044409548

177 qw the Chopper (level 5, -4/32 HPs)
             Began as a Gargoyle Fighter on June 20, 2023.
             Slain by an iguana (9 damage)
             ... on level 4 of the Dungeon.
             The game lasted 00:01:27 (2533 turns).

qw the Chopper (Gargoyle Fighter)                   Turns: 2533, Time: 00:01:27

Health: -4/32      AC: 15    Str: 21    XL:     5   Next: 57%
Magic:  5/5        EV:  9    Int:  9    God:
Gold:   147        SH:  4    Dex:  9    Spells: 4/4 levels left

rFire   . . .        Y - +0 war axe
rCold   . . .        c - +0 buckler
rNeg    + . .        b - +0 scale mail
rPois   inf          l - +0 helmet
rElec   +            (no cloak)
rCorr   .            (no gloves)
SInv    .            g - +2 pair of boots
Will    .....        (no amulet) Stlth
                     (no ring)
HPRegen 0.25/turn    (no ring)
MPRegen 0.09/turn

%: no passive effects
@: no status effects
A: sickness immunity, AC +4, negative energy resistance 1, electricity
resistance, torment resistance 1, petrification resistance
a: no special abilities


You were on level 4 of the Dungeon.
You visited 1 branch of the dungeon, and saw 4 of its levels.

You collected 147 gold pieces.


Innate Abilities, Weirdness & Mutations

You are immune to sickness and miasma.
Your stone body is resilient. (AC +4)
You are immune to poison.
You resist negative energy. (rN+)
You are resistant to electric shocks. (rElec)
You are resistant to unholy torment.
You are immune to petrification.


   Skills:
 + Level 3.3 Fighting
 - Level 5.1 Axes
 - Level 3.2 Armour
 - Level 3.2 Shields


You had 4 spell levels left.
You didn't know any spells.
Your spell library was empty.

Inventory:

Hand Weapons
 f - a +0 club
 Y - a +0 war axe (weapon)
Armour
 b - a +0 scale mail (worn)
 c - a +0 buckler (worn)
 e - a +0 kite shield
 g - a +2 pair of boots (worn)
 l - a +0 helmet (worn)
Jewellery
 h - a ring of ice
Scrolls
 a - a scroll of identify
Potions
 d - a potion of might
 i - a potion of haste
 j - 2 potions of curing
 k - a potion of resistance {unknown}
 m - a potion of cancellation {unknown}

Dungeon Overview and Level Annotations

Branches:
Dungeon (4/15)
 Temple: D:4-7

Altars:
Sif Muna


Message History

Enter note:
Enter note:
Enter note: You see here a +0 short sword.
An iguana comes into view.
Found a lead wand and a scroll of teleportation.
The iguana hisses angrily.
The iguana bites you!
Enter note:
Enter note:
Enter note: You slash the iguana!
The iguana is heavily wounded.
The iguana bites you but does no damage.
You hit the iguana but do no damage.
The iguana is moderately wounded.
The iguana bites you! The iguana barely misses you.
You closely miss the iguana.
The iguana is moderately wounded.
The iguana bites you.
You barely miss the iguana.
The iguana is moderately wounded.
You block the iguana's attack.
You barely miss the iguana.
The iguana is moderately wounded.
The iguana bites you!
You hit the iguana but do no damage.
The iguana is moderately wounded.
You block the iguana's attack. The iguana barely misses you.
You hit the iguana.
The iguana is heavily wounded.
The iguana bites you but does no damage.
You hit the iguana.
The iguana is severely wounded.
The iguana hisses menacingly.
The iguana closely misses you.
You hit the iguana but do no damage.
The iguana is severely wounded.
The iguana completely misses you. The iguana bites you!
You die...

........#####
.##............#
?##..........%..
.#...<.........#
.#.#.........###
/#..........##
..#.##.....##
##l# #.##....#
#@## ##.....)##
##.###.###.#..#
##.#.## #....#
##.## ####.# #.#
#.# #.# #.# #
#.# #.# # #.#
##.# # #.. ..# #


You could see an iguana.

Vanquished Creatures
  A jelly (D:4)
  Robin (D:2)
  6 adders
  4 worms
  A dart slug (D:2)
  6 endoplasms
  3 giant cockroaches
  9 goblins
  4 hobgoblins
  7 kobolds
  5 quokkas
  5 ball pythons
  8 bats
  A frilled lizard (D:2)
  6 rats
67 creatures vanquished.

Notes
Turn   | Place    | Note
-------+----------+-------------------------------------------
     0 | D:1      | qw the Gargoyle Fighter began the quest for the Orb.
     0 | D:1      | Reached XP level 1. HP: 14/14 MP: 1/1
     0 | D:1      | 0 ||| qw: Version: 0.3-a-9-g12657ce
     0 | D:1      | 0 ||| qw: Game counter: 1483
     0 | D:1      | 0 ||| qw: Always use a shield: true
     0 | D:1      | 0 ||| qw: God list: Okawaru
     0 | D:1      | 0 ||| qw: Allow faded altars: false
     0 | D:1      | 0 ||| qw: Do Orc after D:15 true
     0 | D:1      | 0 ||| qw: Do second Lair branch before Depths: true
     0 | D:1      | 0 ||| qw: Lair rune preference: random
     0 | D:1      | 0 ||| qw: Plans: Normal, Zot:1-4, Slime:5, God:TSO, Crypt,
                  | Tomb, Abyss, Pan, Hells, Win
     0 | D:1      | 0 ||| PLANNING D:1-11
    89 | D:1      | Found a faded altar of an unknown god.
    98 | D:1      | Reached skill level 2 in Axes
   172 | D:1      | 172 ||| Stepping ~*~*~tactically~*~*~ (stealth).
   177 | D:1      | Reached XP level 2. HP: 19/19 MP: 2/2
   285 | D:1      | 285 ||| Stepping ~*~*~tactically~*~*~ (stealth).
   613 | D:1      | Reached skill level 3 in Axes
   626 | D:1      | 626 ||| UPGRADING to +2 pair of boots.
   631 | D:1      | 631 ||| READING scroll labelled WINKEC PASUS.
   653 | D:2      | 653 ||| STAIRDANCE
   658 | D:1      | Reached XP level 3. HP: 14/23 MP: 3/3
   869 | D:2      | 869 ||| Stepping ~*~*~tactically~*~*~ (stealth).
   880 | D:2      | Noticed Robin
   881 | D:2      | 881 ||| Stepping ~*~*~tactically~*~*~ (stealth).
   900 | D:2      | Killed Robin
   901 | D:2      | Reached XP level 4. HP: 28/28 MP: 4/4
   901 | D:2      | 901 ||| Stepping ~*~*~tactically~*~*~ (hiding).
   903 | D:2      | 903 ||| Stepping ~*~*~tactically~*~*~ (hiding).
  1037 | D:2      | Reached skill level 4 in Axes
  1215 | D:2      | 1215 ||| Stepping ~*~*~tactically~*~*~ (hiding).
  1216 | D:2      | 1216 ||| Stepping ~*~*~tactically~*~*~ (hiding).
  1217 | D:2      | 1217 ||| Stepping ~*~*~tactically~*~*~ (hiding).
  1218 | D:2      | 1218 ||| Stepping ~*~*~tactically~*~*~ (hiding).
  1219 | D:2      | 1219 ||| Stepping ~*~*~tactically~*~*~ (hiding).
  1325 | D:2      | 1325 ||| Stepping ~*~*~tactically~*~*~ (stealth).
  1514 | D:2      | 1514 ||| Stepping ~*~*~tactically~*~*~ (stealth).
  1726 | D:2      | 1726 ||| DROPPING scarf of shadows.
  1727 | D:2      | 1727 ||| UPGRADING to +0 helmet.
  1732 | D:2      | 1732 ||| DROPPING +2 pair of boots.
  1733 | D:2      | 1733 ||| READING 2 scrolls labelled WESEVY CAANLO.
  1734 | D:2      | 1734 ||| READING scroll labelled KUFIQI ASKU.
  1735 | D:2      | 1735 ||| READING scroll labelled YNEOTAZAHA.
  1736 | D:2      | 1736 ||| DROPPING scroll of vulnerability.
  2002 | D:3      | Reached XP level 5. HP: 32/32 MP: 5/5
  2176 | D:3      | 2176 ||| READING 2 scrolls labelled UMMUMO PAYF.
  2177 | D:3      | 2177 ||| READING scroll labelled IPEMOPEMER.
  2178 | D:3      | 2178 ||| DRINKING 2 yellow potions.
  2179 | D:3      | 2179 ||| DRINKING 2 white potions.
  2358 | D:4      | Found a shimmering blue altar of Sif Muna.
  2483 | D:4      | Reached skill level 5 in Axes
  2529 | D:4      | HP: 4/32 [iguana (9)]
  2533 | D:4      | Slain by an iguana

Levels and vault maps discovered:
D:1:      minmay_arrival_radiant_lines, layout_loops_ring,
          hellmonk_ecumenical_altar_arch_garden
D:2:      layout_basic, hangedman_decor_opposing, uniq_robin
D:3:      layout_basic
D:4:      layout_loops_ring, led_sif_pool, nicolae_elyvilon_peaceful_grove

Skill      XL: |  1  2  3  4  5 |
---------------+----------------+-----
Axes           | 2 3 4 5 |  5.1
Fighting       | |  3.3
Armour         | |  3.2
Shields        | |  3.2

Action                     |  1- 3 |  4- 6 || total
---------------------------+-------+-------++-------
  Melee: War axe           |    90 |   135 ||   225
    Use: Scroll            |     1 |     5 ||     6
         Potion            |       |     2 ||     2
 Armour: Scale mail        |    38 |    61 ||    99
  Dodge: Dodged            |    33 |    48 ||    81
  Block: Buckler           |    11 |    26 ||    37

Table legend:
 A = Non-vault XP
 B = Vault XP
 C = Vault XP percentage of total XP
 D = Non-vault monster count
 E = Vault monster count
 F = Vault count percentage of total count
                 A         B        C        D         E       F
            +---------+---------+-------+---------+---------+-------
      Total |     228 |      25 |   9.9 |      61 |       6 |   9.0
            +---------+---------+-------+---------+---------+-------
        D:1 |      36 |       0 |   0.0 |      20 |       0 |   0.0
        D:2 |      92 |      25 |  21.4 |      24 |       6 |  20.0
        D:3 |      17 |       0 |   0.0 |       9 |       0 |   0.0
        D:4 |      83 |       0 |   0.0 |       8 |       0 |   0.0
            +---------+---------+-------+---------+---------+-------
